cohdb
Replays
Latest Replays
All Replays
Popular Replays
Top Player Replays
Match Explorer
How It Works
Community
CoH3 Stats
Reddit
Sign in to upload your games and track your stats! →
Sign in with Steam
Match 47044582
Unlisted
Match 47044582
Overview
Messages
Build Orders
End
Kettenkrad Recon Vehicle
Construct Infanterie Kompanie
MG 42 Machine Gun Team
Selects Terror Battlegroup
Selects Machine Gun Camouflage
Grenadier Squad
Grenadier Squad
Grenadier Squad
Infanterie Officer Quarters
Selects Contempt for the Weak
Construct Luftwaffe Kompanie
GrW 34 Mortar Team
Support Elements
221 Scout Car
AI Takeover
juan34391
队友都是菜逼
PvtBaker
FLYCAT
0
0
Comments
sign in to comment!
No comments posted yet!